 Dungeon Crawl Stone Soup version 0.20.1-1-g8b1a95d66d (webtiles) character file.

3468 Gargoyl the Chopper (level 9, -2/75 HPs)
             Began as a Centaur Abyssal Knight on Dec 30, 2017.
             Was an Elder of Lugonu.
             Slain by a black mamba (12 damage)
             ... on level 9 of the Dungeon.
             The game lasted 00:17:28 (9177 turns).

Gargoyl the Chopper (Centaur Abyssal Knight)        Turns: 9177, Time: 00:17:28

Health: -2/75      AC: 15    Str: 25    XL:     9   Next: 79%
Magic:  12/13      EV: 12    Int: 11    God:    Lugonu [****..]
Gold:   641        SH:  0    Dex: 16    Spells: 8/8 levels left

rFire    . . .     SeeInvis .   L - +1 war axe
rCold    . . .     Gourm    .   (no shield)
rNeg     . . .     Faith    .   o - +1 chain mail {MR+}
rPois    .         Spirit   .   y - +2 hat
rElec    .         Reflect  .   G - +1 cloak
rCorr    .         Harm     .   x - +0 pair of gloves
MR       +....                  (no barding)
Stlth    ..........             (no amulet)
Regen    0.3/turn               n - +5 ring of dexterity
MPRegen  0.2/turn               k - +5 ring of evasion

@: mighty, very quick
A: hooves 3, deformed body, speed 2, strong 2, tough skin 3
a: Depart the Abyss, Bend Space, Banish, Corrupt, Renounce Religion


You were on level 9 of the Dungeon.
You worshipped Lugonu.
Lugonu was greatly pleased with you.
You were not hungry.

You visited 2 branches of the dungeon, and saw 10 of its levels.
You visited the Abyss 1 time.

You collected 641 gold pieces.

Inventory:

Hand Weapons
 a - a +2 hand axe
 K - a +2 hand axe
 L - a +1 war axe (weapon)
Missiles
 f - 11 tomahawks (quivered)
Armour
 o - a +1 chain mail of magic resistance (worn)
 x - a +0 pair of gloves (worn)
 y - a +2 hat (worn)
 G - a +1 cloak (worn)
Jewellery
 g - a +4 ring of protection
 k - a +5 ring of evasion (right hand)
 n - a +5 ring of dexterity (left hand)
 s - an uncursed ring of protection from cold
 C - an uncursed ring of flight
Wands
 m - a wand of clouds (2/9)
 w - a wand of random effects (38/48)
 z - a wand of disintegration (14/24)
 B - a wand of enslavement (13/24)
 I - a wand of confusion (12/48)
 N - a wand of flame (17/48)
 O - a wand of flame (26/48)
Scrolls
 h - a scroll of identify
 j - 3 scrolls of remove curse
 l - 4 scrolls of teleportation
 q - 3 scrolls of fear
 v - 3 scrolls of magic mapping
 M - a scroll of amnesia
Potions
 e - 2 potions of curing
 i - 4 potions of flight
 p - 2 potions of lignification
 t - 2 potions of cancellation
 E - a potion of agility
 F - a potion of magic
 J - a potion of brilliance
Books
 A - a book of Conjurations

   Spells                             Type                      Level
   a - Magic Dart                     Conjuration                  1
   b - Searing Ray                    Conjuration                  2
   c - Dazzling Spray                 Conjuration/Hexes            3
   d - Fulminant Prism                Conjuration/Hexes            4
   e - Force Lance                    Conjuration/Translocation    4
   f - Iskenderun's Mystic Blast      Conjuration                  4
 P - a book of Beasts

   Spells                             Type                      Level
   a - Summon Butterflies             Summoning                    1
   b - Call Canine Familiar           Summoning                    3
   c - Summon Ice Beast               Ice/Summoning                4
   d - Summon Mana Viper              Hexes/Summoning              5
   e - Summon Hydra                   Summoning                    7
Comestibles
 b - 4 royal jellies
 c - 11 bread rations
 u - 5 meat rations
 D - 26 fruits


   Skills:
 + Level 5.9 Fighting
 + Level 7.5 Axes
 + Level 2.1 Throwing
 * Level 6.0 Armour
 + Level 2.5 Dodging
 * Level 6.2 Invocations


You had 8 spell levels left.
You didn't know any spells.

Dungeon Overview and Level Annotations

Branches:
Dungeon (9/15)             Temple (0/1) D:7            Lair (1/6) D:9
    Orc: D:9-12

Altars:
Ashenzari
Fedhas
Gozag
Hepliaklqana
Makhleb
Nemelex Xobeh
Qazlal
Sif Muna
Trog
Yredelemnul
Zin
The Shining One


Innate Abilities, Weirdness & Mutations

You have hooves in place of feet.
Armour fits poorly on your strangely shaped body.
You cover ground very quickly.
You have extremely tough skin. (AC +3)
Your muscles are very strong. (Str +4)


Message History

You feel better.
You feel less invigorated. The black mamba misses you.
You miss the black mamba. Your kick misses the black mamba.
The black mamba is moderately wounded.
The black mamba closely misses you. The black mamba bites you.
* * * LOW HITPOINT WARNING * * *
You are poisoned.
The black mamba poisons you!
You miss the black mamba. You kick the black mamba.
The black mamba is heavily wounded.
You feel sick. The black mamba bites you.
* * * LOW HITPOINT WARNING * * *
The black mamba bites you.
* * * LOW HITPOINT WARNING * * *
You closely miss the black mamba. Your kick misses the black mamba.
The black mamba is heavily wounded.
* * * LOW HITPOINT WARNING * * *
You feel sick. The black mamba closely misses you. The black mamba bites you!
* * * LOW HITPOINT WARNING * * *
You feel better. The black mamba barely misses you. The black mamba bites you!
You die...

#....# #...# #....# #...# #....#
#...# ############....# #...#
.#>.............# #...####
....###.#.#.....# #...'..#
..............### #...##.#
....#.#.......l### ###.##.#
≈.............rS@# #....<###
≈#.####.....#.####### #........
##.####....)..####≈≈#####.#####.#
##...............................
######'####..............#####..
#......###..#≈≈≈≈≈.......# ####
#......'..!.≈≈≈≈≈≈......## #.#.
#......####..≈≈≈≈≈.≈≈...####.#.
######## #≈≈.≈≈≈≈≈.≈≈..........


You could see a komodo dragon, a black mamba and a porcupine.

Vanquished Creatures
  Pikel (D:7)
  Eustachio (D:5)
  Menkaure (D:5)
  Edmund (D:4)
  A water moccasin (Lair:1)
  A black bear (D:8)
  A slave (D:7)
  2 phantoms
  6 ogres
  A centaur (D:9)
  Blork the orc (D:5)
  A big kobold (D:9)
  A bullfrog (D:7)
  A scorpion (D:8)
  4 wights (D:7)
  A howler monkey (D:7)
  A centaur zombie (D:7)
  4 crimson imps
  A bullfrog zombie (D:7)
  3 jellies
  8 orc priests
  Crazy Yiuf (D:6)
  3 hounds
  4 orc wizards
  A bullfrog skeleton (D:6)
  2 worker ants
  An iguana (D:5)
  A killer bee zombie (D:5)
  A hound skeleton (D:4)
  8 gnolls
  A howler monkey skeleton (D:7)
  2 worker ant zombies
  11 adders
  3 oozes
  An adder skeleton (D:4)
  2 worms (D:4)
  3 dart slugs
  4 leopard geckos
  19 orcs
  9 giant cockroaches
  6 goblins
  6 hobgoblins
  4 jackals (D:2)
  3 kobolds
  2 bats (D:1)
  3 frilled lizards (D:2)
  A giant cockroach zombie (D:5)
  A quokka skeleton (D:6)
  12 rats
  A spectral orc (D:3)
  A lurking horror (Abyss:1)
159 creatures vanquished.

Vanquished Creatures (others)
  2 slaves (D:7)
  2 electric eels (D:9)
  A butterfly (D:7)
5 creatures vanquished.

Grand Total: 164 creatures vanquished

Notes
Turn   | Place    | Note
-------+----------+-------------------------------------------
     0 | Abyss:1  | Gargoyl the Centaur Abyssal Knight began the quest for the Orb.
     0 | Abyss:1  | Reached XP level 1. HP: 19/19 MP: 2/2
    93 | Abyss:1  | Noticed a neqoxec
   121 | Abyss:1  | Noticed a lich
   122 | D:1      | Escaped the Abyss
   321 | D:1      | Reached XP level 2. HP: 19/26 MP: 0/3
   465 | D:1      | Reached * piety under Lugonu
   571 | D:1      | Reached skill level 2 in Axes
   767 | D:2      | Reached XP level 3. HP: 15/31 MP: 2/4
  1466 | D:2      | Reached XP level 4. HP: 38/38 MP: 5/5
  1723 | D:2      | Reached skill level 1 in Dodging
  2172 | D:3      | Reached ** piety under Lugonu
  2275 | D:3      | Found a faded altar of an unknown god.
  2503 | D:3      | Reached XP level 5. HP: 32/45 MP: 4/7
  2666 | D:3      | Found a basalt altar of Yredelemnul.
  3106 | D:4      | Reached skill level 3 in Axes
  3188 | D:4      | Found a hazy altar of Hepliaklqana.
  3332 | D:4      | Noticed Edmund
  3351 | D:4      | Gained mutation: Your muscles are strong. (Str +2) [potion of mutation]
  3351 | D:4      | Gained mutation: Your muscles are very strong. (Str +4) [potion of mutation]
  3372 | D:4      | Killed Edmund
  3372 | D:4      | Reached XP level 6. HP: 30/52 MP: 4/8
  4106 | D:4      | Reached skill level 4 in Axes
  4302 | D:4      | Found a sparkling altar of Nemelex Xobeh.
  4303 | D:4      | Found an opulent altar of Gozag.
  4313 | D:4      | Reached XP level 7. HP: 51/58 MP: 6/9
  4412 | D:5      | Entered Level 5 of the Dungeon
  4538 | D:5      | Reached *** piety under Lugonu
  4647 | D:5      | Noticed Eustachio
  4674 | D:5      | Killed Eustachio
  4866 | D:5      | Noticed Menkaure
  4878 | D:5      | Killed Menkaure
  4878 | D:5      | Reached skill level 5 in Axes
  5123 | D:5      | Noticed Blork the orc
  5134 | D:5      | Killed Blork the orc
  5134 | D:5      | Reached XP level 8. HP: 41/67 MP: 6/11
  5690 | D:6      | Found a glowing silver altar of Zin.
  5691 | D:6      | Found a glowing golden altar of the Shining One.
  5691 | D:6      | Found a stormy altar of Qazlal.
  5692 | D:6      | Found a burning altar of Makhleb.
  5738 | D:6      | Found a shattered altar of Ashenzari.
  5842 | D:6      | Found a runed door.
  5968 | D:6      | You fall through a shaft for 3 floors!
  6075 | D:7      | Found a staircase to the Ecumenical Temple.
  6316 | D:6      | Noticed Crazy Yiuf
  6321 | D:6      | Killed Crazy Yiuf
  6321 | D:6      | Reached skill level 6 in Axes
  6661 | D:7      | Reached skill level 5 in Fighting
  6699 | D:7      | Reached skill level 1 in Throwing
  6699 | D:7      | Reached skill level 5 in Armour
  6770 | D:7      | Noticed Pikel
  6795 | D:7      | Killed Pikel
  6795 | D:7      | Reached skill level 5 in Invocations
  6795 | D:7      | Reached XP level 9. HP: 70/74 MP: 10/12
  6969 | D:7      | Found a deep blue altar of Sif Muna.
  7475 | D:8      | Reached skill level 7 in Axes
  7745 | D:8      | Found a bloodstained altar of Trog.
  7841 | D:8      | Reached **** piety under Lugonu
  8113 | D:9      | Found a blossoming altar of Fedhas.
  8476 | D:9      | Found a staircase to the Lair.
  8925 | Lair:1   | Entered Level 1 of the Lair of Beasts
  8983 | Lair:1   | Noticed a komodo dragon
  9018 | Lair:1   | Noticed a black mamba
  9176 | D:9      | HP: 2/75 [black mamba (10)]
  9177 | D:9      | Slain by a black mamba

Skill      XL: |  1  2  3  4  5  6  7  8  9 |
---------------+----------------------------+-----
Axes           | 2 3 4 5 6 7 |  7.5
Armour         | 2 3 4 5 6 |  6.0
Dodging        | 1 2 |  2.5
Invocations    | 3 4 5 6 |  6.2
Fighting       | 4 5 |  5.9
Throwing       | 1 2 |  2.1

Action                   |  1- 3 |  4- 6 |  7- 9 || total
-------------------------+-------+-------+-------++-------
Melee: Hand axe          |   124 |   213 |   277 ||   614
       Kick              |    18 |    54 |   105 ||   177
       War axe           |       |       |    56 ||    56
Throw: Tomahawk          |       |     4 |    30 ||    34
Invok: Depart the Abyss  |     1 |       |       ||     1
       Banish            |       |       |     2 ||     2
  Use: Scroll            |     8 |     7 |     8 ||    23
       Potion            |     3 |     5 |     5 ||    13
  Eat: Chunk             |     1 |     8 |    12 ||    21
       Bread ration      |       |       |     1 ||     1
Armor: Chain mail        |    98 |    77 |   141 ||   316
       Skin              |       |    13 |       ||    13
Dodge: Dodged            |    42 |    81 |   172 ||   295
